AoeStats
← REAKA Rojo27

Fortress

507922861Analyzed
4v4 RM · 13d ago on Sep 20, 2026· 18m 58s· 8 players
Game mode
Random Map
Map size
Huge
Population
200
Speed
Normal
Resources
Standard
Victory
Conquest
Starting age
Dark Age
Ending age
Imperial Age
RankedLock teamsTeams togetherTeam positionsShared explorationLock speedFull tech treeHidden civsTurbo modeCheats
Victory
Defeat
🇲🇽 Bohemians · Mexico
897
+4
🇲🇽 Burgundians · Mexico
867
+5
🇲🇽 Franks · Mexico
732
+8
🇲🇽 Slavs · Mexico
604
+14
🇮🇳 Khmer · India
666
-11
🇺🇸 Poles · United States
582
-8
🇨🇴 Turks · Colombia
538
-7
🇮🇹 Goths · Italy
450
-5
kikko2020
0:37 Loom
8:33 Feudal Age
16:13 Castle Age
14:43 Horse Collar
14:53 Double-Bit Axe
15:03 Gold Mining
15:03 Stone Mining
14:42 Man-at-Arms
18:00 Wheelbarrow
17:11 Town Watch
17:43 Bow Saw
17:42 Heavy Plow
GandalfTheGray
0:58 Loom
7:08 Feudal Age
7:34 Double-Bit Axe
7:50 Town Watch
15:24 Castle Age
13:18 Stone Mining
14:26 Gold Mining
14:19 Horse Collar
17:44 Wheelbarrow
17:58 Bloodlines
18:14 Bow Saw
General Shane
9:44 Feudal Age
[PK]Dasaco
8:48 Feudal Age
9:21 Double-Bit Axe
10:17 Wheelbarrow
14:16 Gold Mining
16:48 Castle Age
15:49 Stone Mining
REAKA Rojo27
1:40 Loom
8:26 Feudal Age
13:12 Castle Age
REAKA Kasper
3:34 Horse Collar
6:44 Double-Bit Axe
10:17 Feudal Age
8:35 Loom
16:38 Castle Age
16:04 Bow Saw
19:29 Two-Man Saw
DEREX
7:04 Loom
9:04 Feudal Age
14:25 Castle Age
12:42 Double-Bit Axe
12:44 Horse Collar
17:27 Fervor
juanito el manco
7:28 Feudal Age
15:37 Castle Age
Connection lost

Rejoining the realm…

Still unreachable

The connection could not be restored.

Session expired

The server has moved on; the page needs a fresh start.